 Dungeon Crawl Stone Soup version 0.30.1-3-gfc49f6343a (webtiles) character file.

Game seed: 5983822580229762375

3915 bory93 the Severer (level 10, -8/79 HPs)
             Began as a Minotaur Berserker on July 20, 2023.
             Was a Priest of Trog.
             Mangled by a sun demon (12 damage)
             ... on level 1 of the Abyss.
             The game lasted 02:00:30 (7243 turns).

bory93 the Severer (Minotaur Berserker)             Turns: 7243, Time: 02:00:30

Health: -8/79      AC: 14    Str: 25    XL:     10   Next: 1%
Magic:  9/9        EV:  6    Int:  8    God:    Trog [***...]
Gold:   1343       SH:  8    Dex: 15    Spells: 9/9 levels left

rFire   . . .        Y - +4 war axe
rCold   . . .        q - +0 kite shield
rNeg    . . .        Q - +0 plate armour
rPois   +            (helmet restricted)
rElec   .            N - +1 cloak
rCorr   +            H - +0 pair of gloves
SInv    .            (no boots)
Will    ++...        h - amulet of regeneration Stlth
                     w - ring of resist corrosion
HPRegen 2.13/turn    G - +6 ring of dexterity
MPRegen 0.11/turn

%: no passive effects
@: strong-willed, on berserk cooldown, regenerating
A: horns 2, retaliatory headbutt, clever 1, sense surroundings 1, poison
resistance
a: Renounce Religion, Berserk, Trog's Hand


You were on level 1 of the Abyss.
You worshipped Trog.
Trog was most pleased with you.
You visited 2 branches of the dungeon, and saw 8 of its levels.
You visited the Abyss 1 time.

You collected 1343 gold pieces.

Inventory:

Hand Weapons
 a - a +0 hand axe of freezing
 f - a +0 flail of distortion
 u - a +1 heavy flail
 A - a +0 heavy quarterstaff
 I - a +0 whip of electrocution
 S - a +2 great sword
 Y - a +4 war axe (weapon)
Missiles
 i - 49 stones
 M - 4 poisoned darts (quivered)
Armour
 b - a +0 animal skin
 c - a +0 robe
 e - a +1 ring mail
 g - a +0 ring mail
 l - a +0 plate armour
 q - a +0 kite shield (worn)
 r - a +0 leather armour
 y - a +0 scale mail
 B - a +0 chain mail
 H - a +0 pair of gloves (worn)
 K - a +0 ring mail
 L - a +0 buckler
 N - a +1 cloak (worn)
 Q - a +0 plate armour (worn)
 U - a +0 ring mail
Jewellery
 d - a ring of magical power
 h - an amulet of regeneration (around neck)
 w - a ring of resist corrosion (left hand)
 G - a +6 ring of dexterity (right hand)
Wands
 t - a wand of polymorph (6)
 v - a wand of flame (6)
 C - a wand of charming (4)
Scrolls
 j - 2 scrolls of poison
 k - 2 scrolls of blinking
 m - 2 scrolls of identify
 n - 2 scrolls of immolation
 x - 4 scrolls of teleportation
 J - 5 scrolls of noise
 R - a scroll of fog
 V - a scroll of enchant armour
Potions
 o - a potion of brilliance
 p - 2 potions of haste
 s - 4 potions of curing
 z - 2 potions of lignification
 E - 2 potions of attraction
 O - a potion of degeneration
 P - 3 potions of invisibility
 X - 2 potions of cancellation


   Skills:
 + Level 4.2 Fighting
 - Level 16.8 Axes
 - Level 2.4 Armour
 - Level 2.2 Dodging
 + Level 1.5 Shields


You had 9 spell levels left.
You didn't know any spells.
Your spell library contained the following spells:

 Spells                   Type           Power      Damage    Failure   Level
 Kiss of Death            Conj/Necr      0%         2d5       100%        1
 Summon Small Mammal      Summ           0%         N/A       100%        1
 Blink                    Tloc           0%         N/A       100%        2
 Sublimation of Blood     Necr           0%         N/A       100%        2
 Wereblood                Tmut           0%         N/A       100%        2
 Call Canine Familiar     Summ           0%         N/A       100%        3
 Confusing Touch          Hex            0%         N/A       100%        3
 Dazzling Flash           Conj/Hex       0%         N/A       100%        3
 Summon Guardian Golem    Hex/Summ       0%         N/A       100%        3
 Tukima's Dance           Hex            0%         N/A       100%        3
 Volatile Blastmotes      Fire/Tloc      0%         2d10      100%        3
 Dispel Undead            Necr           0%         3d6       100%        4
 Iskenderun's Mystic Bla  Conj/Tloc      0%         2d3       100%        4
 Manifold Assault         Tloc           0%         N/A       100%        4
 Passage of Golubria      Tloc           0%         N/A       100%        4
 Yara's Violent Unravell  Hex/Tmut       0%         3d3       100%        5
 Dispersal                Tloc           0%         N/A       100%        6
 Starburst                Conj/Fire      0%         6d3       100%        6
 Storm Form               Tmut/Air       0%         N/A       100%        7
 Summon Hydra             Summ           0%         N/A       100%        7
 Disjunction              Tloc           0%         N/A       100%        8


Dungeon Overview and Level Annotations

Branches:
Dungeon (7/15)             Temple (1/1) D:7

Altars:
Ashenzari
Cheibriados
Fedhas
Gozag
Hepliaklqana
Kikubaaqudgha
Makhleb
Nemelex Xobeh
Qazlal
Sif Muna
Trog
Uskayaw
Wu Jian
Xom
Yredelemnul
Zin

Portals:
Abyss: D:4


Innate Abilities, Weirdness & Mutations

You have a pair of horns on your head.
You reflexively headbutt those who attack you in melee.
Your mind is acute. (Int +4, Str/Dex -1)
You passively map a small area around you.
Your system is resistant to poisons. (rPois)


Message History

A small abomination comes into view.
The small abomination moves out of view.
A small abomination is nearby!
Your skin crawls.
You feel strong-willed.
You can no longer call in reinforcements.
The small abomination hits you but does no damage.
The small abomination hits you!
You slash the small abomination!
The small abomination is heavily damaged.
The small abomination hits you but does no damage.
The small abomination hits you!
* * * LOW HITPOINT WARNING * * *
You hit the small abomination but do no damage.
You headbutt the small abomination.
The small abomination is severely damaged.
The small abomination completely misses you.
You furiously retaliate!
You headbutt the small abomination!
You destroy the small abomination!
Trog accepts your kill.
You have reached level 10!
You feel the effects of Trog's Hand fading.
HP restored.
You feel yourself speed up.
Your skin stops crawling.
You feel less strong-willed.
A sun demon comes into view.
You block the sun demon's attack.
You slice the sun demon!!
The sun demon is moderately wounded.
The sun demon hits you!
You are engulfed in flames!
You slash the sun demon! You headbutt the sun demon!
The sun demon is severely wounded.
The sun demon hits you.
You are engulfed in flames!!
* * * LOW HITPOINT WARNING * * *
Your skin crawls.
You feel strong-willed. The sun demon hits you!!
* * * LOW HITPOINT WARNING * * *
You are engulfed in flames!
You die...

.... # ... # .. ## ..
.... #. ### #..# #
.#..#..# # ##. .#.∩..
..##... #..#.######..
###...# #####...##
##......#
#.#.#...#..##.#......
.. .#..##............
. #..
...#.......@3.....#
...#..
#.##.#####..#..# . .
#...# ..... . ..>.#
.#.#...........##.
.#... # #..#######
.#. #. .# .## .. #..
. .# . .. . . . . ..
# ....


You could see a sun demon.

Vanquished Creatures
  Pikel (D:4)
  A large abomination (Abyss:1)
  A wraith (D:7)
  5 yaks (D:6)
  Eustachio (D:6)
  The ghost of unrecovered the Poker, an amateur GnRe (D:4)
  Menkaure (D:7)
  A water moccasin (D:7)
  A black bear (D:5)
  A lemure (D:4)
  4 phantoms
  A kobold brigand (D:6)
  A bullfrog (D:7)
  2 scorpions
  3 small abominations
  5 wights (D:7)
  A jelly (D:7)
  5 hounds
  4 orc priests
  2 sleepcaps
  Ijyb (D:5)
  5 iguanas
  2 orc wizards
  7 gnolls
  5 adders
  A white imp (D:4)
  An ufetubus (D:6)
  2 worms
  A dart slug (D:1)
  16 orcs
  5 ball pythons
  7 bats
  7 endoplasms
  10 giant cockroaches
  7 hobgoblins
  3 quokkas (D:1)
  6 frilled lizards
  7 goblins
  11 kobolds
  6 rats
152 creatures vanquished.

Notes
Turn   | Place    | Note
-------+----------+-------------------------------------------
     0 | D:1      | bory93 the Minotaur Berserker began the quest for the Orb.
     0 | D:1      | Reached XP level 1. HP: 19/19 MP: 0/0
   198 | D:1      | Reached skill level 4 in Axes
   238 | D:1      | Found a faded altar of an unknown god.
   245 | D:1      | Reached XP level 2. HP: 26/27 MP: 1/1
   589 | D:1      | Reached ** piety under Trog
   597 | D:1      | Reached XP level 3. HP: 30/33 MP: 2/2
   601 | D:1      | Reached skill level 5 in Axes
  1113 | D:2      | Reached XP level 4. HP: 25/40 MP: 3/3
  1346 | D:2      | Reached skill level 6 in Axes
  1594 | D:2      | Gained mutation: You expend magic power (3 MP) to
                  | strengthen your wands. [potion of mutation]
  2046 | D:3      | Lost mutation: You expend magic power (3 MP) to strengthen
                  | your wands. [potion of mutation]
  2046 | D:3      | Gained mutation: Your system is resistant to poisons.
                  | (rPois) [potion of mutation]
  2046 | D:3      | Gained mutation: You passively map a small area around you.
                  | [potion of mutation]
  2046 | D:3      | Gained mutation: Your mind is acute. (Int +4, Str/Dex -1)
                  | [potion of mutation]
  2150 | D:3      | Reached skill level 7 in Axes
  2150 | D:3      | Reached XP level 5. HP: 46/46 MP: 4/4
  2404 | D:4      | Found a transporter.
  2415 | D:4      | Noticed a small abomination
  2480 | D:4      | Found a one-way gate to the infinite horrors of the Abyss.
  2480 | D:4      | Noticed unrecovered's ghost (amateur GnRe)
  2501 | D:4      | Reached *** piety under Trog
  2601 | D:4      | Reached skill level 8 in Axes
  2601 | D:4      | Reached XP level 6. HP: 52/52 MP: 5/5
  2811 | D:4      | Found a transporter.
  2825 | D:4      | Noticed Pikel
  2848 | D:4      | Killed Pikel
  2849 | D:4      | Reached skill level 10 in Axes
  2849 | D:4      | Reached XP level 7. HP: 57/58 MP: 6/6
  2854 | D:4      | Found a sand-covered staircase.
  2910 | D:4      | Identified a scroll of acquirement
  2910 | D:4      | Acquired 926 gold pieces
  3142 | D:4      | Reached skill level 11 in Axes
  3395 | D:4      | Killed unrecovered's ghost
  3406 | D:4      | Killed a small abomination
  3407 | D:4      | Reached skill level 12 in Axes
  3407 | D:4      | Reached XP level 8. HP: 56/66 MP: 7/7
  3729 | D:5      | Entered Level 5 of the Dungeon
  3960 | D:5      | Found a glowing drain.
  4330 | D:5      | Reached skill level 13 in Axes
  4422 | D:5      | Noticed Ijyb
  4438 | D:5      | Killed Ijyb
  4622 | D:5      | lol
  4947 | D:6      | Reached skill level 14 in Axes
  4947 | D:6      | Reached XP level 9. HP: 71/71 MP: 8/8
  4956 | D:6      | Reached skill level 15 in Axes
  4966 | D:6      | Noticed Eustachio
  5052 | D:6      | Killed Eustachio
  5555 | D:7      | Reached **** piety under Trog
  5580 | D:7      | Noticed Menkaure
  5588 | D:7      | Killed Menkaure
  5589 | D:7      | Reached skill level 16 in Axes
  5724 | D:7      | Found a staircase to the Ecumenical Temple.
  5766 | Temple   | Entered the Ecumenical Temple
  6581 | D:7      | Acquired an amulet of regeneration
  7167 | D:4      | Voluntarily entered the Abyss.
  7195 | Abyss:1  | Reached skill level 1 in Shields
  7213 | Abyss:1  | Reached XP level 10. HP: 22/79 MP: 9/9
  7238 | Abyss:1  | Noticed a sun demon
  7243 | Abyss:1  | Mangled by a sun demon

Illustrated notes

#....###..>.....#
#.#.###........
#.#......####...#
#.##.#.........
#...######
#..####.##..#######.#
###.#
#.......#............
#>
#<.######..########.#
#.# #..# #..# #.# #.#
#######..######..#
#.# #..
.................#
#.# #.#
#.####...)@#####.#
..# #.#
#.####...........#
*### #.#
#....#.....####### *
* ###.###.###......#
* ..........#......#
*,*
###....†..)....#.#
*,*
....##.#...###.#.# *
, ###.##.##.####.#.#
,* #..............#
,* *


Turn 4622 on D:5: lol

Levels and vault maps discovered:
D:1:      evilmike_arrival_hilbert_curve, layout_loops_ring,
          shapermc_ecumenical_altar_mp_ritualfount, minmay_nonomino_d4
D:2:      layout_rooms, dk_vineyard_2
D:3:      layout_rooms
D:4:      layout_loops_ring, chequers_ossuary_entry_cave,
          gammafunk_ghost_abyssal_escape, serial_park_tiny_1, uniq_pikel
D:5:      layout_loops_ring, gup_sewer_entry_glass, uniq_ijyb
D:6:      layout_cave_pools, minmay_misc_feat_room, kennysheep_generic_room_4,
          uniq_eustachio
D:7:      layout_loops_ring, minmay_temple_entry_offerings, uniq_menkaure
Temple:   nicolae_temple_elliptical
Abyss:1:  base: D:1, hangedman_abyss_overflow_altar

Skill      XL: |  1  2  3  4  5  6  7  8  9 |
---------------+----------------------------+-----
Axes           | 4 5 7 8 10 12 14 16 | 16.8
Fighting       | 4 |  4.2
Shields        | 1 |  1.5
Armour         | |  2.4
Dodging        | |  2.2

Action                     |  1- 3 |  4- 6 |  7- 9 | 10-12 || total
---------------------------+-------+-------+-------+-------++-------
  Melee: Hand axe          |   127 |   156 |   252 |       ||   535
         Headbutt          |    22 |    34 |    62 |     1 ||   119
         Punch             |     1 |       |       |       ||     1
         War axe           |       |       |    43 |     2 ||    45
  Throw: Dart              |       |     2 |       |       ||     2
         Stone             |       |     1 |       |       ||     1
 Invoke: Berserk           |       |     3 |    10 |       ||    13
         Trog's Hand       |       |       |     3 |     1 ||     4
    Use: Scroll            |       |     9 |     7 |       ||    16
         Potion            |       |     5 |     5 |       ||    10
 Armour: Ring mail         |    30 |    10 |       |       ||    40
         Plate armour      |       |    40 |   137 |       ||   177
  Dodge: Dodged            |    53 |    41 |    70 |       ||   164
  Block: Buckler           |       |     3 |       |       ||     3
         Kite shield       |       |     6 |    85 |     1 ||    92
